 Dungeon Crawl Stone Soup version 0.22.1-2-g9c5b331 (webtiles) character file.

130 whitewolfNL the Cudgeler (level 4, -7/40 HPs)
             Began as a Minotaur Berserker on Nov 21, 2018.
             Was a Believer of Trog.
             Mangled by a worm (8 damage)
             ... on level 2 of the Dungeon.
             The game lasted 00:05:53 (1542 turns).

whitewolfNL the Cudgeler (Minotaur Berserker)       Turns: 1542, Time: 00:05:54

Health: -7/40      AC:  5    Str: 21    XL:     4   Next: 89%
Magic:  3/3        EV: 11    Int:  5    God:    Trog [**....]
Gold:   101        SH:  0    Dex: 10    Spells: 3/3 levels left

rFire    . . .     SeeInvis .   a - +0 mace
rCold    . . .     Gourm    .   (no shield)
rNeg     . . .     Faith    .   d - +0 ring mail (curse)
rPois    .         Spirit   .   (helmet restricted)
rElec    .         Reflect  .   (no cloak)
rCorr    .         Harm     .   (no gloves)
MR       .....                  (no boots)
Stlth    +.........             (no amulet)
HPRegen  0.13/turn              (no ring)
MPRegen  0.08/turn              (no ring)

@: berserk cooldown, slowed, very slow
A: retaliatory headbutt, horns 2
a: Berserk, Trog's Hand, Renounce Religion


You were on level 2 of the Dungeon.
You worshipped Trog.
Trog was pleased with you.
You were hungry.

You visited 1 branch of the dungeon, and saw 2 of its levels.

You collected 101 gold pieces.

Inventory:

Hand Weapons
 a - a +0 mace (weapon)
Missiles
 g - a throwing net (quivered)
 h - 6 arrows
 i - 22 stones
 l - 17 bolts
Armour
 b - a +0 animal skin
 d - a cursed +0 ring mail (worn)
 n - a +0 plate armour
Scrolls
 e - 2 scrolls of remove curse {unknown}
 j - a scroll of identify {unknown}
Potions
 f - a potion of heal wounds {unknown}
 k - a potion of ambrosia {unknown}
Comestibles
 c - 3 rations
 m - 2 chunks of flesh


   Skills:
 + Level 4.1 Fighting
 * Level 5.4 Maces & Flails
 * Level 3.0 Armour
 * Level 2.9 Dodging
 * Level 1.2 Stealth


You had 3 spell levels left.
You didn't know any spells.
Your spell library was empty.

Dungeon Overview and Level Annotations

Branches:
Dungeon (2/15)

Altars:


Innate Abilities, Weirdness & Mutations

You reflexively headbutt those who attack you in melee.
You have a pair of horns on your head.


Message History

The worm bites you.
You hit the worm. You headbutt the worm!
The worm is severely wounded.
The worm closely misses you.
You hit the worm.
You headbutt the worm, but do no damage.
The worm is almost dead.
The worm bites you.
You completely miss the worm.
The worm is almost dead.
The worm bites you!
* * * LOW HITPOINT WARNING * * *
Your ring mail prevents you from hitting the worm.
The worm is almost dead.
The worm bites you!
* * * LOW HITPOINT WARNING * * *
You hit the worm but do no damage.
The worm is severely wounded.
The worm bites you!
You die...

....... #..#. ....... .
#.#.. ....... $ #.#..
....... .# #.... .......
###.# #####.... .......
#... #.......#
.......###.#####........
...............'.......#
######.@...#####........
#.w(..# ########..
#.....# ..........
#.....# .........#
#.....# ..........
........# ........##
........# ........#
#......... ........#
#......... ........#


You could see a worm.

Vanquished Creatures
  A howler monkey (D:2)
  2 adders (D:2)
  A gnoll (D:1)
  2 oozes (D:1)
  A worm (D:2)
  2 dart slugs
  2 leopard geckos (D:1)
  A giant cockroach (D:2)
  7 goblins
  2 hobgoblins (D:1)
  5 jackals (D:1)
  5 kobolds (D:1)
  2 quokkas (D:2)
  A ball python (D:2)
  3 bats
  4 frilled lizards
  10 rats
51 creatures vanquished.

Notes
Turn   | Place    | Note
-------+----------+-------------------------------------------
     0 | D:1      | whitewolfNL the Minotaur Berserker began the quest for the
                  | Orb.
     0 | D:1      | Reached XP level 1. HP: 19/19 MP: 0/0
    34 | D:1      | Reached skill level 4 in Maces & Flails
    34 | D:1      | Reached XP level 2. HP: 27/27 MP: 1/1
   193 | D:1      | Reached XP level 3. HP: 33/33 MP: 2/2
   392 | D:1      | Reached skill level 1 in Stealth
   435 | D:1      | Reached ** piety under Trog
  1206 | D:2      | Reached XP level 4. HP: 28/40 MP: 3/3
  1439 | D:2      | Reached skill level 5 in Maces & Flails
  1541 | D:2      | HP: 1/40 [worm (10)]
  1542 | D:2      | Mangled by a worm

Skill      XL: |  1  2  3  4 |
---------------+-------------+-----
Maces & Flails | 4 5 |  5.4
Fighting       | 4 |  4.1
Stealth        | 1 |  1.2
Armour         | 3 |  3.0
Dodging        | |  2.9

Action                   |  1- 3 |  4- 6 || total
-------------------------+-------+-------++-------
Melee: Mace              |    80 |    20 ||   100
       Headbutt          |    14 |     5 ||    19
Invok: Berserk           |     1 |     1 ||     2
 Stab: Sleeping          |     1 |       ||     1
  Eat: Chunk             |     2 |     1 ||     3
Armor: Animal skin       |    10 |       ||    10
       Ring mail         |       |     2 ||     2
Dodge: Dodged            |    49 |    12 ||    61
